 Dungeon Crawl Stone Soup version 0.30-a0-12-gd8047c6341 (webtiles) character file.

Game seed: 14937092240949076229

588 Newt the Cudgeller (level 7, -6/54 HPs)
             Began as a Demonspawn Gladiator on Aug 23, 2022.
             Was a Follower of Yredelemnul.
             Mangled by a fire elemental (11 damage)
             ... created by the fiery vengeance of Ignis
             ... on level 4 of the Dungeon.
             The game lasted 00:05:35 (4736 turns).

Newt the Cudgeller (Demonspawn Gladiator)           Turns: 4736, Time: 00:05:36

Health: -6/54      AC: 10    Str: 17    XL:     7   Next: 15%
Magic:  7/7        EV:  7    Int:  9    God:    Yredelemnul [*.....]
Gold:   260        SH: 14    Dex: 14    Spells: 6/6 levels left

rFire   . . .      SeeInvis .    s - +6 mace "Qannot" {vamp, rF+}
rCold   . . .      Faith    .    j - +0 tower shield
rNeg    . . .      Spirit   .    o - +3 leather armour
rPois   .          Reflect  .    c - +0 helmet
rElec   .          Harm     .    (no cloak)
rCorr   .          Rampage  .    p - +2 pair of gloves
Will    .....                    (no boots)
Stlth   ++........               (no amulet)
HPRegen 0.18/turn                (no ring)
MPRegen 0.10/turn                (no ring)

@: fire susceptible
A: hooves 2, large bone plates 1, demonic magic 2
a: Renounce Religion, Recall Undead Harvest


You were on level 4 of the Dungeon.
You worshipped Yredelemnul.
Yredelemnul was noncommittal.
You visited 2 branches of the dungeon, and saw 5 of its levels.

You collected 260 gold pieces.

Inventory:

Hand Weapons
 a - a +0 rapier
 m - the +1 short sword of Jeutyib {speed, Int+3}
   (You found it on level 3 of the Dungeon)

   Attacks with this weapon are significantly faster.
   Int:       It affects your intelligence (+3).
 s - the +6 mace "Qannot" (weapon) {vamp, rF+}
   (You found it on level 3 of the Dungeon)

   It occasionally heals its wielder for a portion of the damage dealt when it
   wounds a living foe.
   rF:        It protects you from fire.
Missiles
 d - 2 throwing nets (quivered)
 e - a javelin
 g - 10 poisoned darts
Armour
 b - a +0 leather armour
 c - a +0 helmet (worn)
 j - a +0 tower shield (worn)
 o - a +3 leather armour (worn)
 p - a +2 pair of gloves (worn)
Jewellery
 f - a ring of resist corrosion
 l - a ring of fire
 t - an amulet of the acrobat
Wands
 q - a wand of polymorph (5)
Scrolls
 i - a scroll of poison
Potions
 h - 4 potions of curing
 k - a potion of flight
 r - a potion of magic


   Skills:
 - Level 4.0 Fighting
 - Level 4.0 Short Blades
 + Level 4.9 Maces & Flails
 - Level 1.7 Throwing
 - Level 2.6 Dodging
 - Level 2.0 Stealth


You had 6 spell levels left.
You didn't know any spells.
Your spell library contained the following spells:

 Spells                   Type           Power      Damage    Failure   Level
 Summon Lightning Spire   Summ/Air       0%         N/A       100%        4
 Storm Form               Tmut/Air       0%         N/A       100%        7
 Maxwell's Capacitive Co  Air            0%         ∞         100%        8


Dungeon Overview and Level Annotations

Branches:
Dungeon (4/15)             Temple (1/1) D:4

Altars:
Ashenzari
Cheibriados
Dithmenos
Fedhas
Kikubaaqudgha
Okawaru
Qazlal
Ru
Wu Jian
Xom
Yredelemnul
Ignis


Innate Abilities, Weirdness & Mutations

You have hoof-like feet.
You are partially covered in large bone plates. (SH +4)
Spells you cast may paralyse nearby enemies.


Message History

The fire elemental burns your kobold zombie!
Your kobold zombie is destroyed!
You miss the fire elemental.
You kick the fire elemental, but do no damage.
The fire elemental is heavily damaged.
You block the fire elemental's attack.
Your scorpion zombie hits the fire elemental but does no damage.
The fire elemental hits you. The fire elemental burns you!
Your scorpion zombie hits the fire elemental.
Unknown command.
You catch the helpless fire elemental completely off-guard!
You sock the fire elemental!
The fire elemental is severely damaged.
You block the fire elemental's attack. The fire elemental barely misses you.
Your scorpion zombie hits the fire elemental.
You block the fire elemental's attack.
The fire elemental hits your scorpion zombie.
The fire elemental burns your scorpion zombie!
You barely miss the fire elemental. Your kick misses the fire elemental.
The fire elemental is almost destroyed.
The fire elemental hits you. The fire elemental burns you!
* * * LOW HITPOINT WARNING * * *
Your scorpion zombie hits the fire elemental.
The fire elemental hits your scorpion zombie.
The fire elemental burns your scorpion zombie!
You block the fire elemental's attack.
The fire elemental hits your scorpion zombie.
The fire elemental burns your scorpion zombie!
Your scorpion zombie is destroyed!
You sock the fire elemental!
You destroy the fire elemental!
That felt strangely unrewarding.
The fire elemental hits you. The fire elemental burns you!
* * * LOW HITPOINT WARNING * * *
Your quokka zombie barely misses the fire elemental.
The fire elemental hits you.
* * * LOW HITPOINT WARNING * * *
The fire elemental burns you!
You die...
Your body rises from the dead as a mindless zombie.

...#.### #.......# #...
....)..#########
####.#### #...
.....#.#.......### .#
#... ..##.#.#.........#
.# ######...
.....#.#.......#.# .#
#........
.##..#.#......Z#.#
..........
.##..#.#.....ZZ#.#
..##........
.......#....###ZE##....#
#####... ##.#.###....#
#.@......# #..#. ##.#.#
####.###.###.#### #.###
.....# ##...####.# #..#.
##Z##### ##.>.....#
##... #.....#
#.#####.... ####
##.###.## #.# #
#.......# #.#
#..#.#..#####.# #
#..........Z..# ..


You could see a fire elemental (ally target), a friendly quokka zombie and 3
friendly jackal zombies.

Vanquished Creatures
  A fire elemental (D:4)
  2 black bears (D:4)
  2 phantoms (D:4)
  A scorpion (D:4)
  A hound (D:4)
  An iguana (D:4)
  Natasha (thrice) (D:3)
  A worm (D:2)
  2 dart slugs
  10 ball pythons
  6 endoplasms
  2 giant cockroaches
  8 goblins
  4 hobgoblins
  3 jackals (D:4)
  6 kobolds
  A quokka (D:4)
  7 bats
  4 frilled lizards
  9 rats
74 creatures vanquished.

Vanquished Creatures (others)
  A scorpion zombie (D:4)
  A kobold zombie (D:4)
2 creatures vanquished.

Grand Total: 76 creatures vanquished

Notes
Turn   | Place    | Note
-------+----------+-------------------------------------------
     0 | D:1      | Newt the Demonspawn Gladiator began the quest for the Orb.
     0 | D:1      | Reached XP level 1. HP: 16/16 MP: 1/1
    91 | D:1      | Reached skill level 1 in Stealth
   247 | D:1      | Found a faded altar of an unknown god.
   252 | D:1      | Gained mutation: Spells you cast may paralyse adjacent
                  | enemies. [demonic ancestry]
   252 | D:1      | Reached XP level 2. HP: 13/22 MP: 2/2
   397 | D:1      | Prayed at the altar of an unknown god.
   397 | D:1      | Became a worshipper of Ignis, the Dying Flame
  1245 | D:2      | Gained mutation: Spells you cast may paralyse nearby
                  | enemies. [demonic ancestry]
  1245 | D:2      | Reached XP level 3. HP: 27/27 MP: 3/3
  2411 | D:3      | Identified the +1 short sword of Jeutyib {speed, Int+3}
  2792 | D:3      | Identified the +6 mace "Qannot" {vamp, rF+}
  3012 | D:3      | Noticed Natasha
  3022 | D:3      | Killed Natasha
  3023 | D:3      | Reached XP level 4. HP: 13/34 MP: 4/4
  3390 | D:3      | Noticed Natasha
  3418 | D:3      | Killed Natasha
  3501 | D:3      | Noticed Natasha
  3509 | D:3      | Killed Natasha
  3625 | D:3      | Gained mutation: You have large cloven feet. [demonic
                  | ancestry]
  3625 | D:3      | Reached XP level 5. HP: 39/41 MP: 5/5
  3757 | D:4      | Noticed a phantom
  3796 | D:4      | Killed a phantom
  3797 | D:4      | Reached skill level 1 in Maces & Flails
  3946 | D:4      | Noticed a black bear
  3956 | D:4      | Killed a black bear
  3957 | D:4      | Gained mutation: You are partially covered in large bone
                  | plates. (SH +4) [demonic ancestry]
  3957 | D:4      | Reached XP level 6. HP: 32/48 MP: 6/6
  4401 | D:4      | Found a staircase to the Ecumenical Temple.
  4418 | D:4      | Gained mutation: You have hoof-like feet. [demonic
                  | ancestry]
  4418 | D:4      | Reached XP level 7. HP: 37/54 MP: 7/7
  4420 | Temple   | Entered the Ecumenical Temple
  4548 | Temple   | Fell from the grace of Ignis
  4548 | Temple   | Became a worshipper of Yredelemnul the Dark
  4558 | D:4      | Found a shadowy altar of Dithmenos.
  4671 | D:4      | Reached * piety under Yredelemnul
  4730 | D:4      | Noticed a fire elemental
  4730 | D:4      | Noticed a fire elemental
  4736 | D:4      | Killed a fire elemental
  4736 | D:4      | Mangled by a fire elemental

Illustrated notes

Levels and vault maps discovered:
D:1:      minmay_arrival_glassed_features, layout_rooms,
          hellmonk_ecumenical_altar_arch_garden
D:2:      layout_basic
D:3:      layout_basic, tso_altar, minmay_misc_feat_iff, uniq_natasha
D:4:      layout_loops_cross, nicolae_dithmenos_through_a_glass_darkly,
          minmay_temple_entry_butterflies, uniq_blork_the_orc
Temple:   minmay_freezing_vapour_temple

Skill      XL: |  1  2  3  4  5  6 |
---------------+-------------------+-----
Stealth        | 1 2 |  2.0
Short Blades   | 3 4 |  4.0
Fighting       | 3 4 |  4.0
Maces & Flails | 2 4 |  4.9
Throwing       | |  1.7
Dodging        | |  2.6

Action                   |  1- 3 |  4- 6 |  7- 9 || total
-------------------------+-------+-------+-------++-------
Melee: Rapier            |   108 |       |       ||   108
       Punch             |     1 |       |       ||     1
       Short sword       |    40 |   107 |       ||   147
       Kick              |       |    13 |     6 ||    19
       Mace              |       |    15 |    17 ||    32
Throw: Throwing net      |     2 |       |       ||     2
  Use: Scroll            |     4 |     3 |       ||     7
 Stab: Sleeping          |     3 |     1 |     2 ||     6
       Distracted        |       |       |     1 ||     1
Armor: Leather armour    |    41 |    56 |    10 ||   107
Dodge: Dodged            |    68 |    24 |     5 ||    97
Block: Tower shield      |    25 |    66 |    14 ||   105

Table legend: (Time is in decaauts)
 A = Elapsed time spent in this place.
 B = Non-inter-level travel time spent in this place.
 C = Inter-level travel time spent in this place.
 D = Time resting spent in this place.
 E = Time spent auto-exploring this place.
 F = Levels seen in this place.
 G = Mean time per level.
                   A        B        C        D        E       F      G
               +--------+--------+--------+--------+--------+-----+--------+
         Total |   4787 |   4594 |    193 |    433 |   3452 |   5 |  957.4 |
       Dungeon |   4654 |   4461 |    193 |    433 |   3351 |   4 | 1163.5 |
        Temple |    133 |    133 |      0 |      0 |    101 |   1 |  133.0 |
               +--------+--------+--------+--------+--------+-----+--------+

Top non-repeatable levels by time:
     D:2: 1513 daAuts
     D:3: 1379 daAuts
     D:1: 882 daAuts
     D:4: 878 daAuts
  Temple: 133 daAuts
